 Dungeon Crawl Stone Soup version 0.27-a0-1147-gb3d8e82157 (webtiles) character file.

Game seed: 12587999571437824541

5044 Wyvernaa the Cleaver (level 10, -2/86 HPs)
             Began as a Hill Orc Fighter on May 12, 2021.
             Was an Initiate of Beogh.
             Killed from afar by Harold (15 damage)
             ... with an iceblast
             ... on level 10 of the Dungeon.
             The game lasted 00:25:44 (11487 turns).

Wyvernaa the Cleaver (Hill Orc Fighter)            Turns: 11487, Time: 00:25:44

Health: -2/86      AC:  8    Str: 23    XL:     10   Next: 55%
Magic:  10/10      EV:  8    Int:  8    God:    Beogh [......]
Gold:   567        SH: 11    Dex: 10    Spells: 9/9 levels left

rFire    . . .     SeeInvis .   a - +1 war axe
rCold    . . .     Faith    .   c - +0 kite shield
rNeg     . . .     Spirit   .   b - +0 scale mail
rPois    .         Reflect  .   (no helmet)
rElec    .         Harm     .   x - scarf {+Inv}
rCorr    .         Rampage  .   (no gloves)
Will     .....                  (no boots)
Stlth    ..........             (no amulet)
HPRegen  0.24/turn              (no ring)
MPRegen  0.12/turn              (no ring)

@: no status effects
A: no striking features
a: Renounce Religion, Evoke Invisibility


You were on level 10 of the Dungeon.
You worshipped Beogh.
Beogh was noncommittal.
You visited 1 branch of the dungeon, and saw 10 of its levels.
You also visited: Sewer.

You collected 567 gold pieces.

Inventory:

Hand Weapons
 a - a +1 war axe (weapon)
Missiles
 D - a curare-tipped dart (quivered)
Armour
 b - a +0 scale mail (worn)
 c - a +0 kite shield (worn)
 x - a scarf of invisibility (worn)
Jewellery
 h - a ring of fire
 y - an amulet of magic regeneration
 F - a ring of positive energy
Wands
 l - a wand of polymorph (2)
 r - a wand of digging (3)
 u - a wand of acid (27)
 A - a wand of iceblast (8)
 H - a wand of flame (22)
Scrolls
 f - 3 scrolls of enchant weapon
 n - a scroll of holy word
 o - 2 scrolls of immolation {unknown}
 t - a scroll of vulnerability {unknown}
 v - a scroll of silence {unknown}
 w - 2 scrolls of fear
 z - 2 scrolls of amnesia
 C - a scroll of fog
 G - a scroll of noise {unknown}
Potions
 d - 3 potions of brilliance {unknown}
 e - 2 potions of mutation {unknown}
 g - 2 potions of heal wounds
 i - 5 potions of curing {unknown}
 j - 2 potions of invisibility {unknown}
 k - 2 potions of degeneration {unknown}
 m - a potion of might
 p - 3 potions of attraction {unknown}
 q - 2 potions of magic {unknown}
 s - 2 potions of flight {unknown}
 B - a potion of cancellation {unknown}
 E - a potion of resistance {unknown}


   Skills:
 + Level 7.3 Fighting
 * Level 14.4 Axes
 + Level 7.7 Armour
 + Level 7.0 Shields
 + Level 0.9 Evocations


You had 9 spell levels left.
You didn't know any spells.
Your spell library contained the following spells:

 Spells                   Type           Power      Damage    Failure   Level
 Corona                   Hex            0%         N/A       95%         1
 Pain                     Necr           0%         1d4       95%         1
 Sting                    Tmut/Pois      0%         1d3       95%         1
 Ensorcelled Hibernation  Hex/Ice        0%         N/A       99%         2
 Confusing Touch          Hex            0%         N/A       100%        3
 Dazzling Flash           Conj/Hex       0%         N/A       100%        3
 Gell's Gravitas          Tloc           0%         N/A       100%        3
 Tukima's Dance           Hex            0%         N/A       100%        3
 Vampiric Draining        Necr           0%         2d6       100%        3
 Animate Dead             Necr           0%         N/A       100%        4
 Petrify                  Tmut/Erth      0%         N/A       100%        4
 Alistair's Intoxication  Tmut/Pois      0%         N/A       100%        5
 Metabolic Englaciation   Hex/Ice        0%         N/A       100%        5
 Yara's Violent Unravell  Hex/Tmut       0%         3d3       100%        5
 Blade Hands              Tmut           0%         N/A       100%        6


Dungeon Overview and Level Annotations

Branches:
Dungeon (10/15)            Temple (0/1) D:4           Sewer (visited)
   Lair: D:8-11         Orc: D:9-12

Altars:
Ashenzari
Hepliaklqana

Shops:
D:3 (

Annotations:
D:3 Sigmund
D:6 3 runed translucent doors, Crazy Yiuf; DemonSlayer's ghost, novice HuBe
D:10 Harold


Message History

Harold throws a throwing net.
The throwing net hits you.
You become entangled in the net!
You stop ascending the stairs.
You struggle against the net.
The vampire hits you. The vampire bites you!
The vampire draws strength from your injuries!
Harold fires a harpoon shot at you. The harpoon shot hits you.
You are yanked forward by the harpoon shot.
Okay, then.
Harold hits you from afar with a +0 halberd!!
You block the vampire's attack. The vampire bites you!
The vampire draws strength from your injuries!
Found a rapier.
The vampire barely misses you. The vampire bites you.
The vampire draws strength from your injuries!
Harold throws a throwing net.
The throwing net hits you.
You become entangled in the net!
There is a stone staircase leading up, spattered with blood here.
Things that are here:
a throwing net; a throwing net You struggle against the net.
The vampire hits you! The vampire bites you.
* * * LOW HITPOINT WARNING * * *
The vampire draws strength from your injuries!
You feel much better. The vampire barely misses you. The vampire bites you!
The vampire draws strength from your injuries!
You tear a large gash into the net.
Harold hits you from afar with a +0 halberd!!
* * * LOW HITPOINT WARNING * * *
The vampire barely misses you. x2
As you read the scroll of holy word, it crumbles to dust.
You speak a Word of immense power!
The vampire convulses!
You destroy the vampire!
Beogh accepts your kill.
Harold hits you from afar with a +0 halberd!
* * * LOW HITPOINT WARNING * * *
You feel much better.
Harold hits you from afar with a +0 halberd!
* * * LOW HITPOINT WARNING * * *
You shred the net and break free! Harold closely misses you.
Harold zaps a wand.
The mass of ice explodes!
The iceblast engulfs you!
You die...

#########
##..@<<..##
##.........#
##..@........#
##.............
#..............
#...............
#................
#.................
#.................


You could see Harold.

Vanquished Creatures
  Maggie (D:6)
  A komodo dragon (D:8)
  2 hornets (D:9)
  A vampire (D:10)
  6 yaks
  A wyvern (D:8)
  Menkaure (D:6)
  A water moccasin (D:7)
  An acid dragon (D:8)
  2 ice beasts
  2 orc warriors (D:9)
  2 black bears (D:4)
  A sky beast (D:7)
  2 ogres
  2 centaurs
  2 kobold brigands
  4 bullfrogs
  2 scorpions
  4 howler monkeys
  7 hounds
  A jelly (D:5)
  A bullfrog zombie (D:7)
  An orc priest (D:9)
  2 bullfrog skeletons
  2 centaur skeletons (D:7)
  Terence (D:2)
  4 orc wizards
  Natasha (thrice) (D:3)
  2 iguanas
  A killer bee zombie (D:7)
  9 adders
  A howler monkey skeleton (D:4)
  8 river rats
  A shadow imp (D:6)
  2 white imps
  2 ufetubi (D:5)
  5 worms
  4 dart slugs
  17 orcs
  2 bats (D:2)
  4 endoplasms (D:1)
  6 giant cockroaches
  5 hobgoblins
  6 jackals
  2 quokkas (D:2)
  16 ball pythons
  2 frilled lizards
  6 goblins
  29 kobolds
  27 rats
217 creatures vanquished.

Vanquished Creatures (others)
  An orc priest (D:9)
  A withered plant (D:3)
2 creatures vanquished.

Grand Total: 219 creatures vanquished

Notes
Turn   | Place    | Note
-------+----------+-------------------------------------------
     0 | D:1      | Wyvernaa the Hill Orc Fighter began the quest for the Orb.
     0 | D:1      | Reached XP level 1. HP: 19/19 MP: 1/1
    49 | D:1      | Reached XP level 2. HP: 22/27 MP: 2/2
   139 | D:1      | Reached skill level 3 in Axes
   744 | D:2      | Reached XP level 3. HP: 33/33 MP: 3/3
   994 | D:2      | Reached skill level 4 in Axes
  1474 | D:2      | Reached XP level 4. HP: 32/40 MP: 4/4
  1540 | D:2      | Noticed Terence
  1554 | D:2      | Killed Terence
  1555 | D:2      | Reached skill level 5 in Axes
  1723 | D:2      | Found a hazy altar of Hepliaklqana.
  1929 | D:2      | Reached XP level 5. HP: 38/46 MP: 5/5
  2066 | D:3      | Noticed Natasha
  2066 | D:3      | Noticed Sigmund
  2083 | D:3      | Killed Natasha
  2451 | D:3      | Found Umno's Antique Weapon Boutique.
  2651 | D:3      | Noticed an ogre
  2672 | D:3      | Killed an ogre
  2673 | D:3      | Reached skill level 6 in Axes
  2673 | D:3      | Reached XP level 6. HP: 28/52 MP: 6/6
  2685 | D:3      | Noticed Natasha
  2692 | D:3      | Killed Natasha
  3046 | D:3      | Found a faded altar of an unknown god.
  3068 | D:3      | Noticed Natasha
  3075 | D:3      | Killed Natasha
  3076 | D:3      | Reached skill level 7 in Axes
  3197 | D:4      | Identified the +10 great sword of the Moth {holy, rN+ SInv}
  3326 | D:4      | Noticed a black bear
  3340 | D:4      | HP: 2/53 [black bear (5)]
  3343 | D:4      | Killed a black bear
  3344 | D:4      | Reached XP level 7. HP: 17/60 MP: 7/7
  4046 | D:4      | Reached skill level 8 in Axes
  4206 | D:4      | Found a staircase to the Ecumenical Temple.
  4248 | D:5      | Entered Level 5 of the Dungeon
  4374 | D:5      | Reached skill level 5 in Armour
  4568 | D:5      | Identified Xibban's Handbook of Transmigration and
                  | Necromancy
  5044 | D:5      | Reached XP level 8. HP: 67/67 MP: 8/8
  5196 | D:6      | Noticed Menkaure
  5482 | D:6      | Reached skill level 9 in Axes
  5529 | D:6      | Found a glowing drain.
  5540 | Sewer    | Entered a sewer
  5782 | Sewer    | Reached skill level 5 in Fighting
  5782 | Sewer    | Reached skill level 5 in Shields
  6428 | D:6      | Found a runed translucent door.
  6430 | D:6      | Noticed DemonSlayer's ghost (novice HuBe)
  6451 | D:6      | Noticed Maggie
  6463 | D:6      | Killed Maggie
  6464 | D:6      | Reached skill level 10 in Axes
  6781 | D:6      | Killed Menkaure
  6793 | D:6      | Reached skill level 11 in Axes
  6810 | D:6      | Reached XP level 9. HP: 50/75 MP: 9/9
  7100 | D:6      | Found a runed translucent door.
  7209 | D:6      | Found a runed translucent door.
  7210 | D:6      | Noticed Crazy Yiuf
  7356 | D:7      | Found a broken altar of Ashenzari.
  7858 | D:7      | Reached skill level 12 in Axes
  8771 | D:8      | Noticed a komodo dragon
  9099 | D:8      | Killed a komodo dragon
  9100 | D:8      | Reached skill level 13 in Axes
  9274 | D:8      | Noticed a komodo dragon
  9432 | D:8      | Reached XP level 10. HP: 33/84 MP: 10/10
 10158 | D:9      | Reached skill level 14 in Axes
 10352 | D:9      | Noticed a two-headed ogre
 10375 | D:9      | Became a worshipper of Beogh the Brigand
 10862 | D:9      | Paralysed by a hornet for 1 turns
 11473 | D:10     | Entered Level 10 of the Dungeon
 11473 | D:10     | Noticed Harold
 11487 | D:10     | Killed from afar by Harold

Illustrated notes

Levels and vault maps discovered:
D:1:      scummos_arrival_simple_crosswalls, layout_rooms,
          chequers_serial_rivers_room_b, kennysheep_doodads, corner_web_ring,
          minmay_tromino_i2
D:2:      layout_loops_ring, basic_altar, minmay_goblin_kobold_house,
          uniq_terence
D:3:      layout_basic, serial_shops, shop_statue,
          shapermc_ecumenical_altar_flowoftime, kennysheep_generic_room_5,
          uniq_natasha, uniq_sigmund
D:4:      layout_gridville, minmay_temple_entry_gardened_gates
D:5:      layout_loops_ring, fountainhead
D:6:      layout_rooms, portal_sewer_entry_e, ebering_ghost_sewer_f,
          minmay_misc_feat_roman, serial_park_tiny_2, st_stairs_10,
          uniq_menkaure, uniq_maggie, uniq_crazy_yiuf_cottage
D:7:      layout_loops_cross, nicolae_ashenzari_panopticon
D:8:      layout_cave_pools, erik_lair_dragon
D:9:      layout_loops_ring
D:10:     layout_big_octagon, orc_0_dummy, ebering_dispersal_statue_hall,
          uniq_harold, uniq_psyche

Skill      XL: |  1  2  3  4  5  6  7  8  9 10 |
---------------+-------------------------------+-----
Axes           | 3 4 5 6 7 8 11 13 14 | 14.4
Fighting       | 4 5 6 7 |  7.3
Armour         | 4 5 6 7 |  7.7
Shields        | 4 5 6 7 |  7.0
Evocations     | |  0.9

Action                   |  1- 3 |  4- 6 |  7- 9 | 10-12 || total
-------------------------+-------+-------+-------+-------++-------
Melee: War axe           |    75 |   109 |   349 |   114 ||   647
Throw: Dart              |       |       |     1 |       ||     1
Invok: Convert to Beogh  |       |       |       |     1 ||     1
Evoke: Wand              |       |       |     6 |       ||     6
  Use: Scroll            |     3 |     3 |     4 |     4 ||    14
       Potion            |     1 |     2 |     2 |     7 ||    12
Armor: Scale mail        |    40 |    45 |   148 |    19 ||   252
       Skin              |       |    30 |       |       ||    30
Dodge: Dodged            |    21 |    43 |   115 |    40 ||   219
Block: Kite shield       |    36 |    77 |   206 |    52 ||   371

Table legend: (Time is in decaauts)
 A = Elapsed time spent in this place.
 B = Non-inter-level travel time spent in this place.
 C = Inter-level travel time spent in this place.
 D = Time resting spent in this place.
 E = Time spent auto-exploring this place.
 F = Levels seen in this place.
 G = Mean time per level.
                   A        B        C        D        E       F      G
               +--------+--------+--------+--------+--------+-----+--------+
         Total |  11688 |  11511 |    177 |   3511 |   5690 |  11 | 1062.5 |
       Dungeon |  10886 |  10709 |    177 |   3411 |   5217 |  10 | 1088.6 |
         Sewer |    801 |    801 |      0 |    100 |    472 |   1 |  801.0 |
               +--------+--------+--------+--------+--------+-----+--------+

Top non-repeatable levels by time:
     D:9: 1772 daAuts
     D:8: 1579 daAuts
     D:2: 1572 daAuts
     D:5: 1482 daAuts
     D:4: 1102 daAuts
     D:3: 928 daAuts
     D:6: 875 daAuts
   Sewer: 801 daAuts
     D:7: 795 daAuts
     D:1: 765 daAuts
    D:10: 13 daAuts
